Map: Orbital Shipyard

Players

ILLBdA

  • Race: Protoss Protoss
  • League: Diamond

Viento - Winner!

  • Race: Zerg Zerg
  • League: Diamond

VOD

Have the link to the VOD?

Description

Time

  • Played on: Jan. 3, 2016, 6:31 a.m.
  • Length: 3:21
Show
View Real Time Build Order
Export as new Build Order

ILLBdA Protoss 

Build Orders:  

Get SALT Encoding   

  12  0:01  Probe (Chrono Boost)  
  13  0:11  Probe (Chrono Boost)  
  14  0:22  Probe (Chrono Boost)  
  15  0:40  Pylon  
  15  0:59  Gateway  
  15  1:00  Gateway  
  15  1:01  Gateway  
  15  1:07  Gateway  
  15  1:17  Pylon  
  15  1:46  Probe (Chrono Boost)  
  18  1:49  Zealot (Chrono Boost)  
  18  1:50  Zealot (Chrono Boost)  
  20  1:54  Zealot (Chrono Boost)  
  20  1:59  Zealot (Chrono Boost)  
  28  2:17  Zealot (Chrono Boost)  
  28  2:18  Zealot x2 (Chrono Boost)  
  28  2:20  Pylon  
  29  2:34  Zealot (Chrono Boost)  
  29  2:44  Zealot (Chrono Boost)  
  29  2:45  Zealot (Chrono Boost)  
  29  2:53  Zealot (Chrono Boost)  
  31  3:03  Pylon  
Show
View Real Time Build Order
Export as new Build Order

Viento Zerg - Winner!

Build Orders: Pool Only 

Get SALT Encoding   

  12  0:00  Drone  
  13  0:08  Drone  
  14  0:17  Overlord  
  14  0:26  Extractor  
  13  0:36  Spawning Pool  
  13  0:40  Drone  
  13  0:44  Drone  
  13  0:49  Drone  
  15  0:58  Drone  
  16  1:15  Evolution Chamber  
  15  1:23  Queen  
  15  1:24  Zergling x2  
  15  1:25  Zergling x2  
  19  1:32  Metabolic Boost  
  19  1:37  Zergling x2  
  20  1:41  Zergling x2  
  21  1:50  Overlord  
  21  2:07  Zergling x2  
  22  2:10  Zergling x2  
  23  2:25  Zergling x2  
  24  2:35  Zergling x8  
  23  2:54  Zergling x4  
  24  3:01  Spine Crawler  
  25  3:06  Spine Crawler  
Tags
 
Matchup
PvZ
Opening
Pool Only
Replay Pack
me
Add a new tag
Caveats
  • Supply blocks, unpowered buildings, or Contaminate may cause inaccurate times.
  • Supply counts are checked every 10 seconds.